 Dungeon Crawl Stone Soup version 0.31.0-32-g396128a36d (webtiles) character file.

Game seed: 8596678413868808789

303 firemarshallily the Sneak (level 6, 0/42 HPs)
             Began as an Octopode Brigand on Apr 21, 2024.
             Slain by a gnoll sergeant
             ... wielding a +2 vampiric trident
              (9 damage)
             ... on level 3 of the Dungeon.
             The game lasted 00:03:19 (1930 turns).

firemarshallily the Sneak (Octopode Brigand)        Turns: 1930, Time: 00:03:19

Health: 0/42       AC:  1    Str: 10    XL:     6   Next: 38%
Magic:  6/6        EV: 13    Int: 13    God:
Gold:   165        SH:  0    Dex: 16    Spells: 5/5 levels left

rFire   + . .        a - +2 dagger
rCold   . . .        (no shield)
rNeg    . . .        (helmet restricted)
rPois   +            (no amulet)
rElec   .            i - ring of poison resistance
rCorr   .            j - ring of flight
SInv    .            (no ring)
Will    .....        (no ring)
Stlth   +++++        (no ring)
HPRegen 0.27/turn    (no ring)
MPRegen 0.10/turn    (no ring)
                     (no ring)

%: no passive effects
@: about to teleport, flying
A: almost no armour, amphibious, 8 rings, camouflage 1, gelatinous body 1,
(nimble swimmer 1), tentacles, fire resistance 1, inability to read after injury
1, MP-powered wands
a: no special abilities


You were on level 3 of the Dungeon.
You visited 1 branch of the dungeon, and saw 3 of its levels.

You collected 165 gold pieces.

Inventory:

Hand Weapons
 a - a +2 dagger (weapon)
Missiles
 b - 12 poisoned darts (quivered)
 c - 3 curare-tipped darts
Jewellery
 i - a ring of poison resistance (left tentacle)
 j - a ring of flight (right tentacle)
Scrolls
 e - 3 scrolls of identify {unknown}
 f - a scroll of vulnerability {unknown}
 g - 2 scrolls of teleportation
 h - a scroll of enchant weapon {unknown}
 k - a scroll of immolation {unknown}
 m - a scroll of noise {unknown}
 o - a scroll of fear {unknown}
 p - a scroll of enchant armour {unknown}
Potions
 d - a potion of mutation
 l - 2 potions of lignification {unknown}
 n - a potion of haste {unknown}


   Skills:
 + Level 3.6 Fighting
 * Level 4.8 Short Blades
 - Level 2.0 Throwing
 - Level 1.0 Dodging
 + Level 6.9 Stealth


You had 5 spell levels left.
You didn't know any spells.
Your spell library contained the following spells:

 Spells                   Type           Power      Damage    Failure   Level
 Blink                    Tloc           0%         N/A       43%         2
 Lesser Beckoning         Tloc           0%         N/A       43%         2
 Momentum Strike          Conj/Tloc      0%         3d8       43%         2


Dungeon Overview and Level Annotations

Branches:
Dungeon (3/15)

Altars:


Innate Abilities, Weirdness & Mutations

You cannot wear most types of armour.
You are amphibious.
You can wear up to eight rings at the same time.
Your skin changes colour to match your surroundings (Stealth+).
Your rubbery body absorbs attacks. (AC +1, EV +1)
((You are camouflaged when in or above water. (Stealth+)))
You have tentacles for arms and can constrict up to eight enemies at once.
Your flesh is heat resistant. (rF+)
You occasionally lose the ability to read scrolls when taking damage.
You expend magic power (3 MP) to strengthen your wands.


Message History

The gnoll attacks as it pursues you! The gnoll closely misses you.
A gnoll sergeant comes into view. It is wielding a +2 vampiric trident.
An endoplasm comes into view.
A gnoll comes into view. It is wielding a +0 halberd.
The frilled lizard attacks as it pursues you!
The frilled lizard closely misses you.
You hit the frilled lizard.
You kill the frilled lizard!
A gnoll comes into view. It is wielding a +0 spear.
The gnoll attacks as it pursues you! The gnoll barely misses you.
The gnoll hits you with a +1 halberd of protection.
You hit the gnoll but do no damage. You grab the gnoll. You squeeze the gnoll!
The gnoll is severely wounded.
You constrict the gnoll. The gnoll barely misses you.
You barely miss the gnoll.
The gnoll is severely wounded.
You constrict the gnoll, but do no damage.
The gnoll sergeant hits you from afar with a +2 vampiric trident!
You hit the gnoll but do no damage.
The gnoll is severely wounded.
You constrict the gnoll, but do no damage.
The gnoll hits you with a +1 halberd of protection!
You hit the gnoll but do no damage.
The gnoll is severely wounded.
You constrict the gnoll. The gnoll sergeant closely misses you.
The gnoll barely misses you.
You hit the gnoll.
You kill the gnoll!
The gnoll sergeant hits you from afar with a +2 vampiric trident!
* * * LOW HITPOINT WARNING * * *
As you read the scroll labelled CYDO LOOMMUU, it crumbles to dust.
You feel strangely unstable.
It was a scroll of teleportation.
The gnoll sergeant hits you from afar with a +2 vampiric trident.
* * * LOW HITPOINT WARNING * * *
It was a potion of mutation.
You feel extremely strange.
You feel your magical essence link to the dungeon's wands.
You occasionally lose the ability to read scrolls when taking damage.
You feel resistant to heat.
The gnoll sergeant hits you from afar with a +2 vampiric trident!
You die...

#.# #####.# ...
......# ##>. ####..#
.... # #..# #..#
####..#.# #..# #
......#.# #..##
####.#### ####.##>#
#...###J.......
..##.##.#
#.#.@)ggg.....#
#.##.##.#
#...###g##.##.#
.....##.#####.#####.#
#
...................#.
#.............#####.##
#...)...#######
..####### ##


You could see a gnoll sergeant, 3 gnolls and an endoplasm.

Vanquished Creatures
  Sigmund (D:2)
  Crazy Yiuf (D:2)
  Terence (D:2)
  A gnoll (D:3)
  3 adders
  A ribbon worm (D:2)
  5 bats
  3 endoplasms
  2 giant cockroaches
  12 goblins
  2 hobgoblins
  A quokka (D:2)
  6 ball pythons
  2 frilled lizards
  5 kobolds
  7 rats
53 creatures vanquished.

Notes
Turn   | Place    | Note
-------+----------+-------------------------------------------
     0 | D:1      | firemarshallily the Octopode Brigand began the quest for
                  | the Orb.
     0 | D:1      | Reached XP level 1. HP: 14/14 MP: 1/1
   157 | D:1      | Reached XP level 2. HP: 19/19 MP: 2/2
   775 | D:2      | Reached XP level 3. HP: 25/25 MP: 3/3
  1036 | D:2      | Noticed Sigmund
  1048 | D:2      | Killed Sigmund
  1049 | D:2      | Reached skill level 6 in Stealth
  1049 | D:2      | Reached XP level 4. HP: 8/31 MP: 4/4
  1049 | D:2      | Reached XP level 5. HP: 9/36 MP: 5/5
  1396 | D:2      | Noticed Terence
  1401 | D:2      | Killed Terence
  1402 | D:2      | Reached XP level 6. HP: 42/42 MP: 6/6
  1814 | D:2      | Found a runed translucent door.
  1815 | D:2      | Noticed Crazy Yiuf
  1822 | D:2      | Killed Crazy Yiuf
  1930 | D:3      | Gained mutation: You expend magic power (3 MP) to
                  | strengthen your wands. [potion of mutation]
  1930 | D:3      | Gained mutation: You occasionally lose the ability to read
                  | scrolls when taking damage. [potion of mutation]
  1930 | D:3      | Gained mutation: Your flesh is heat resistant. (rF+)
                  | [potion of mutation]
  1930 | D:3      | Slain by a gnoll sergeant

Illustrated notes

Levels and vault maps discovered:
D:1:      minmay_arrival_open_corners, layout_loops_ring, minmay_misc_feat_rows
D:2:      kb_forest_paths, layout_basic, uniq_terence, uniq_sigmund,
          uniq_crazy_yiuf_cottage
D:3:      layout_loops_ring, uniq_jessica

Skill      XL: |  1  2  3 |
---------------+----------+-----
Short Blades   | 4 |  4.8
Fighting       | 3 |  3.6
Stealth        | 6 |  6.9
Throwing       | |  2.0
Dodging        | |  1.0

Action                     |  1- 3 |  4- 6 || total
---------------------------+-------+-------++-------
  Melee: Dagger            |    53 |    32 ||    85
         Constrict         |    13 |     6 ||    19
         Tentacles         |    10 |     5 ||    15
  Throw: Dart              |     5 |       ||     5
    Use: Scroll            |       |     1 ||     1
         Potion            |       |     1 ||     1
   Stab: Sleeping          |    15 |    14 ||    29
 Armour: Skin              |    16 |     9 ||    25
  Dodge: Dodged            |    18 |    17 ||    35
